Map: Data-C

Players

Aress - Winner!

  • Race: Terran Terran
  • League: Gold
  • Spawn Location: 9:00

MattBarry

  • Race: Zerg Zerg
  • League: Silver
  • Spawn Location: 3:00

VOD

Have the link to the VOD?

Description

Time

  • Played on: Jan. 19, 2023, 3:49 a.m.
  • Length: 15:22
Show
View Real Time Build Order
Export as new Build Order

Aress Terran - Winner!

Build Orders: Reaper Expand 

Get SALT Encoding   

  12  0:00  SCV  
  13  0:12  SCV  
  14  0:17  Supply Depot  
  14  0:24  SCV  
  15  0:39  SCV  
  15  0:40  Barracks  
  16  0:45  Refinery  
  16  0:51  SCV  
  17  1:03  SCV  
  18  1:15  SCV  
  19  1:29  Reaper  
  19  1:31  Orbital Command  
  20  1:45  Command Center  
  20  1:57  Supply Depot  
  20  1:58  SCV  
  21  2:09  Factory  
  21  2:14  Refinery  
  21  2:15  SCV  
  22  2:22  Marine  
  23  2:48  Barracks Reactor  
  23  2:54  Factory Reactor  
  23  2:57  SCV  
  20  3:10  SCV  
  19  3:17  Orbital Command  
  19  3:22  SCV  
  19  3:25  Marine x2  
  22  3:31  Hellion x2  
  22  3:34  SCV  
  27  3:46  SCV  
  27  3:51  Orbital Command  
  27  3:53  Marine x2  
  28  3:58  SCV  
  29  4:05  Hellion x2  
  29  4:06  Starport  
  33  4:10  SCV  
  34  4:17  SCV  
  34  4:21  Marine x2  
  34  4:22  SCV  
  38  4:26  Hellion  
  38  4:29  SCV  
  41  4:33  Hellion  
  41  4:34  SCV  
  44  4:42  Bunker  
  44  4:46  SCV, Starport Tech Lab  
  44  4:47  Starport Reactor  
  45  4:53  Barracks  
  45  4:56  Marine  
  46  5:14  Marine  
  46  5:18  Supply Depot, SCV  
  46  5:19  Marine  
  46  5:20  Hellion  
  40  5:30  SCV  
  40  5:32  Marine, Orbital Command  
  41  5:37  Marine  
  41  5:42  SCV  
  41  5:49  Marine  
  41  5:52  Barracks Tech Lab  
  41  5:55  Marine  
  43  6:07  Marine  
  44  6:13  Marine  
  44  6:14  SCV  
  46  6:22  Liberator  
  46  6:24  Bunker  
  46  6:25  Marine  
  41  6:26  SCV  
  41  6:30  Marine  
  42  6:37  SCV  
  42  6:38  SCV  
  44  6:43  Marine, Stimpack  
  45  6:48  Marine  
  45  6:52  SCV  
  46  7:00  Factory Tech Lab  
  46  7:05  Marine  
  46  7:06  Marine, SCV x2, Marauder  
  52  7:16  Medivac  
  52  7:21  Barracks  
  54  7:38  Marine x2, Medivac  
  54  7:39  SCV, Marauder  
  54  7:44  Supply Depot  
  61  7:47  SCV  
  62  7:53  Refinery  
  62  7:55  Refinery  
  62  8:02  Supply Depot  
  62  8:05  Marine x2, SCV x2, Siege Tank  
  69  8:17  SCV  
  70  8:22  Combat Shield  
  70  8:24  Marine x2, SCV, Marauder  
  75  8:29  Supply Depot, SCV  
  76  8:36  Supply Depot, SCV  
  76  8:37  Supply Depot  
  77  8:42  SCV  
  78  8:50  Marine x2, SCV, Siege Tank  
  78  8:51  Marauder  
  86  8:57  SCV  
  87  9:03  SCV  
  87  9:05  Engineering Bay  
  87  9:06  Command Center  
  87  9:08  Marine x2, Engineering Bay  
  87  9:09  SCV  
  91  9:12  Marine  
  92  9:21  Supply Depot, SCV  
  92  9:23  Siege Tank  
  96  9:29  Marine  
  97  9:33  SCV  
  98  9:43  Supply Depot  
  98  9:44  Marine  
  98  9:45  Marine x3, SCV  
  102  9:48  Marauder  
  105  9:55  Siege Tank  
  105  9:58  SCV  
  109  10:09  Marauder  
  98  10:42  Marine x5  
  103  10:46  Supply Depot  
  103  10:48  Orbital Command  
  103  10:58  Medivac x2  
  103  10:59  Marine  
  103  11:00  Terran Infantry Armor Level 1, Marine x4, Terran Infantry Weapons Level 1  
  112  11:06  Orbital Command  
  110  11:17  Marine  
  110  11:18  Marine x4  
  115  11:23  Refinery  
  115  11:25  Refinery  
  115  11:28  Medivac  
  117  11:35  Marine x2  
  117  11:36  Marine  
  117  11:38  Siege Tank  
  117  11:39  Marine, Marauder  
  126  11:48  Barracks  
  126  11:49  SCV  
  126  11:53  Marine x3  
  130  11:57  Marine  
  130  12:00  Marauder  
  130  12:01  SCV  
  134  12:09  Medivac x2  
  134  12:10  Siege Tank  
  134  12:12  Supply Depot  
  141  12:21  Armory  
  141  12:26  Supply Depot  
  141  12:32  Marine x2  
  141  12:33  Marine x2, SCV, Marauder  
  148  12:39  Medivac  
  148  12:40  Barracks Tech Lab  
  150  12:45  Armory, SCV  
  150  12:50  Marine x4  
  155  12:54  Marauder  
  157  13:08  Marine x4  
  161  13:16  Marauder  
  161  13:26  Marine x3  
  164  13:34  Marine  
  165  13:35  Concussive Shells  
  165  13:44  Supply Depot  
  165  13:54  SCV  
  165  14:05  Marauder  
  165  14:06  SCV  
  167  14:10  Command Center  
  165  14:27  Marauder  
  160  14:59  Marine x6  
  161  15:16  Command Center  
Show
View Real Time Build Order
Export as new Build Order

MattBarry Zerg 

Build Orders: Pool First 

Get SALT Encoding   

  12  0:00  Drone  
  13  0:11  Drone  
  14  0:19  Extractor  
  14  0:20  Overlord  
  13  0:23  Drone  
  14  0:39  Drone x2  
  16  0:51  Spawning Pool  
  16  0:55  Drone  
  16  0:58  Drone  
  17  1:10  Drone  
  18  1:21  Drone  
  19  1:34  Hatchery  
  19  1:39  Zergling x2  
  19  1:41  Zergling x2  
  20  1:49  Metabolic Boost  
  20  1:51  Zergling x2  
  21  2:03  Overlord  
  21  2:10  Queen  
  21  2:11  Evolution Chamber  
  22  2:27  Drone  
  22  2:28  Drone  
  24  2:34  Baneling Nest  
  23  2:39  Zergling x2  
  23  3:02  Zergling x8  
  25  3:09  Queen  
  25  3:11  Zergling x4  
  28  3:19  Zergling x2  
  30  3:20  Zergling x2  
  30  3:50  Zergling x12  
  30  3:51  Overlord  
  35  4:04  Lair  
  35  4:05  Roach Warren  
  35  4:07  Drone x2  
  36  4:12  Baneling  
  36  4:13  Baneling  
  36  4:14  Baneling  
  36  4:25  Queen  
  36  4:29  Drone  
  36  4:31  Drone  
  40  4:34  Drone  
  40  4:48  Roach  
  40  4:50  Overlord  
  42  5:03  Glial Reconstitution, Extractor  
  41  5:09  Roach  
  42  5:16  Spine Crawler  
  42  5:17  Spine Crawler  
  35  5:27  Roach x2  
  36  5:29  Zergling x4  
  37  5:48  Roach  
  37  5:49  Roach  
  36  5:56  Extractor  
  35  6:00  Overlord  
  35  6:03  Zergling x8  
  37  6:17  Drone x3  
  37  6:44  Drone  
  37  6:45  Roach, Drone x2  
  37  6:46  Roach  
  44  7:06  Roach x3  
  51  7:30  Ravager  
  51  7:31  Overlord  
  51  7:32  Hatchery  
  51  7:36  Overlord  
  45  8:06  Hydralisk Den  
  44  8:14  Spore Crawler  
  44  8:18  Spore Crawler  
  44  8:19  Spore Crawler  
  41  8:20  Spore Crawler  
  41  8:24  Spore Crawler  
  39  8:29  Drone x3  
  39  8:30  Drone x3  
  45  8:38  Spore Crawler  
  44  8:45  Drone x3  
  44  8:48  Drone  
  48  9:08  Hydralisk x3  
  54  9:13  Drone x2  
  56  9:23  Grooved Spines  
  56  9:25  Zergling x2  
  56  9:26  Zergling x2  
  58  9:36  Zergling x2  
  58  9:37  Zergling x6  
  42  10:27  Drone x6  
  42  10:28  Drone x11  
  57  10:35  Muscular Augments  
  47  10:48  Drone x3  
  47  10:49  Drone x3  
  53  10:50  Queen  
  55  11:15  Zergling x10  
  55  11:16  Zergling x2  
  55  11:17  Zerg Melee Weapons Level 1  
  61  11:19  Drone x2  
  61  11:21  Evolution Chamber  
  62  11:36  Hatchery  
  61  11:43  Roach x4  
  69  11:52  Hydralisk  
  69  11:53  Hydralisk  
  73  11:55  Overlord x2  
  73  12:02  Infestation Pit  
  66  12:18  Extractor  
  65  12:25  Extractor  
  64  12:34  Hydralisk x3  
  64  12:35  Hydralisk  
  64  12:36  Drone x4  
  64  12:37  Drone x6  
  79  12:39  Extractor  
  79  12:43  Overlord  
  81  13:03  Infestor  
  83  13:06  Zergling x2  
  83  13:07  Zergling x6, Roach x3  
  83  13:22  Zergling x2  
  83  13:23  Zergling x6  
  87  13:37  Roach x2  
  67  14:05  Roach x9  
  79  14:12  Zergling x4  
  79  14:13  Zergling x2  
  82  14:22  Spine Crawler  
  81  14:25  Spine Crawler x2  
  51  14:46  Zergling x2  
  51  14:47  Zergling x16  
Tags
 
Matchup
TvZ
Replay Pack
Multiplayer
Spawn Locations
Cross Positions
Add a new tag
Caveats
  • Supply blocks, unpowered buildings, or Contaminate may cause inaccurate times.
  • Supply counts are checked every 10 seconds.